 Dungeon Crawl Stone Soup version 0.31-a0-240-gb923e448b6 (webtiles) character file.

Game seed: 5934030491416769536

226 British0li the Sneak (level 5, -1/42 HPs)
             Began as a Demonspawn Delver on July 12, 2023.
             Succumbed to a water moccasin's poison
             ... on level 5 of the Dungeon.
             The game lasted 00:05:06 (1701 turns).

British0li the Sneak (Demonspawn Delver)            Turns: 1701, Time: 00:05:07

Health: -1/42      AC:  8    Str: 14    XL:     5   Next: 69%
Magic:  5/5        EV: 12    Int: 12    God:
Gold:   50         SH:  0    Dex: 14    Spells: 4/4 levels left

rFire   . . .        a - +0 falchion
rCold   . . .        (no shield)
rNeg    . . .        b - +1 leather armour
rPois   .            (no helmet)
rElec   .            (no cloak)
rCorr   .            (no gloves)
SInv    .            (no boots)
Will    .....        (no amulet)
Stlth   ++           h - +4 ring of protection
HPRegen 0.27/turn    (no ring)
MPRegen 0.09/turn

%: no passive effects
@: lethally poisoned (-1 -> -7)
A: claws 1, demonic guardian 1
a: no special abilities


You were on level 5 of the Dungeon.
You visited 1 branch of the dungeon, and saw 2 of its levels.

You collected 50 gold pieces.

Inventory:

Hand Weapons
 a - a +0 falchion (weapon)
Missiles
 e - a throwing net
Armour
 b - a +1 leather armour (worn)
Jewellery
 h - a +4 ring of protection (left claw)
Wands
 g - a wand of digging (3)
Scrolls
 c - a scroll of fog
 d - a scroll of revelation
 j - a scroll of poison {unknown}
Potions
 f - a potion of haste


   Skills:
 + Level 4.1 Fighting
 + Level 3.0 Long Blades
 + Level 2.3 Armour
 + Level 3.1 Dodging
 - Level 4.5 Stealth


You had 4 spell levels left.
You didn't know any spells.
Your spell library was empty.

Dungeon Overview and Level Annotations

Branches:
Dungeon (5/15)
 Temple: D:4-7

Altars:

Annotations:
D:4 Blork the orc; Edmund; Grinder
D:5 3 runed translucent doors, Maciety's ghost, novice HOBe


Innate Abilities, Weirdness & Mutations

You have sharp fingernails.
A weak demonic guardian rushes to your aid.


Message History

The water moccasin is moderately wounded.
You feel sick.
The water moccasin bites you but does no damage.
You barely miss the water moccasin.
The water moccasin is moderately wounded.
You feel sick.
The water moccasin bites you but does no damage.
The water moccasin barely misses you.
You hit the water moccasin but do no damage.
The water moccasin is moderately wounded.
You feel sick. The water moccasin closely misses you.
The water moccasin bites you.
You are lethally poisoned!
The water moccasin poisons you!
Okay, then.
You hit the water moccasin but do no damage.
The water moccasin is moderately wounded.
* * * LOW HITPOINT WARNING * * *
You feel very sick. The water moccasin misses you.
You closely miss the water moccasin.
The water moccasin is moderately wounded.
* * * LOW HITPOINT WARNING * * *
You feel very sick. The water moccasin barely misses you.
The water moccasin misses you.
You closely miss the water moccasin.
The water moccasin is moderately wounded.
* * * LOW HITPOINT WARNING * * *
You feel very sick.
The water moccasin bites you but does no damage.
The water moccasin barely misses you.
You barely miss the water moccasin.
The water moccasin is moderately wounded.
* * * LOW HITPOINT WARNING * * *
You feel sick. The water moccasin bites you.
* * * LOW HITPOINT WARNING * * *
A demonic guardian appears!
You closely miss the water moccasin.
The water moccasin is moderately wounded.
You die...

.....#.##.#####.#.#
.....#.##.........#
####.#.########.###
#.#........#.#
#.########.#.#
#...........รท##
##########...5#
####.# #@# #S# #.#
#.# #.# #.# #.# #.#
#.#


You could see a water moccasin (ally target) and a friendly quasit (summoned).

Vanquished Creatures
  A phantom (D:5)
  A hound (D:5)
  A jelly (D:5)
  An iguana (D:5)
  3 adders (D:5)
  An ufetubus (D:5)
  A quokka (D:5)
  A ball python (D:5)
10 creatures vanquished.

Vanquished Creatures (collateral kills)
  A hound (D:5)
1 creature vanquished.

Grand Total: 11 creatures vanquished

Notes
Turn   | Place    | Note
-------+----------+-------------------------------------------
     0 | D:5      | British0li the Demonspawn Delver began the quest for the
                  | Orb.
     0 | D:5      | Reached XP level 1. HP: 18/18 MP: 1/1
    26 | D:5      | Found a runed translucent gate.
    26 | D:5      | Found a runed translucent gate.
    28 | D:5      | Found a runed translucent gate.
    81 | D:5      | Noticed Maciety's ghost (novice HOBe)
    82 | D:5      | Noticed a water moccasin zombie
   139 | D:5      | Noticed an iguana
   199 | D:4      | Noticed Blork the orc
   199 | D:4      | Noticed an orc wizard
   199 | D:4      | Noticed a scorpion
   498 | D:5      | Noticed a hound
   602 | D:5      | Gained mutation: A weak demonic guardian rushes to your
                  | aid. [demonic ancestry]
   602 | D:5      | Reached XP level 2. HP: 23/24 MP: 2/2
   621 | D:5      | Noticed a phantom
   659 | D:5      | Killed a phantom
   660 | D:5      | Reached skill level 1 in Armour
   660 | D:5      | Reached XP level 3. HP: 11/29 MP: 3/3
   660 | D:5      | Gained mutation: You have sharp fingernails. [demonic
                  | ancestry]
   660 | D:5      | Reached XP level 4. HP: 13/36 MP: 4/4
   810 | D:5      | Reached XP level 5. HP: 33/42 MP: 5/5
   904 | D:5      | Noticed a water moccasin
  1004 | D:4      | Noticed Edmund
  1268 | D:4      | Noticed Grinder
  1700 | D:5      | HP: 1/42 [water moccasin (3)]
  1701 | D:5      | Succumbed to a water moccasin's poison

Illustrated notes

Levels and vault maps discovered:
D:4:      layout_rooms, serial_shops, shop, uniq_pikel, uniq_grinder,
          uniq_blork_the_orc, uniq_edmund
D:5:      layout_basic, gammafunk_ghost_necromancy, grunt_decor_resistance

Skill      XL: |  1  2  3  4  5 |
---------------+----------------+-----
Long Blades    | 2 3 |  3.0
Dodging        | 2 3 |  3.1
Armour         | 1 2 |  2.3
Fighting       | 4 |  4.1
Stealth        | |  4.5

Action                     |  1- 3 |  4- 6 || total
---------------------------+-------+-------++-------
  Melee: Falchion          |    43 |    62 ||   105
    Use: Scroll            |       |     2 ||     2
   Stab: Sleeping          |     1 |     1 ||     2
 Armour: Leather armour    |    16 |    30 ||    46
  Dodge: Dodged            |    27 |    55 ||    82

Table legend: (Time is in decaauts)
 A = Elapsed time spent in this place.
 B = Non-inter-level travel time spent in this place.
 C = Inter-level travel time spent in this place.
 D = Time resting spent in this place.
 E = Time spent auto-exploring this place.
 F = Levels seen in this place.
 G = Mean time per level.
                   A        B        C        D        E       F      G
               +--------+--------+--------+--------+--------+-----+--------+
         Total |   1721 |   1330 |    391 |    359 |    587 |   2 |  860.5 |
       Dungeon |   1721 |   1330 |    391 |    359 |    587 |   2 |  860.5 |
               +--------+--------+--------+--------+--------+-----+--------+

Top non-repeatable levels by time:
     D:5: 1705 daAuts
     D:4: 16 daAuts
